 Dungeon Crawl Stone Soup version 0.31-a0-1540-g5a0b83f448 (webtiles) character file.

Game seed: 1640285078525134853

10007 case the Severer (level 11, 0/99 HPs)
             Began as a Minotaur Berserker on Jan 1, 2024.
             Was a High Priest of Trog.
             Slain by a kobold brigand
             ... wielding a +0 club
              (5 damage)
             ... on level 10 of the Dungeon.
             The game lasted 00:17:41 (7863 turns).

case the Severer (Minotaur Berserker)               Turns: 7863, Time: 00:17:42

Health: 0/99       AC: 15    Str: 27    XL:     11   Next: 30%
Magic:  10/10      EV:  7    Int:  4    God:    Trog [*****.]
Gold:   611        SH:  0    Dex: 15    Spells: 10/10 levels left

rFire   . . .        K - +0 broad axe
rCold   . . .        L - +0 kite shield
rNeg    . . .        J - +0 plate armour
rPois   +            (helmet restricted)
rElec   .            o - +0 cloak
rCorr   .            B - +2 pair of gloves
SInv    .            (no boots)
Will    .....        (no amulet) Stlth
                     G - +6 ring of dexterity
HPRegen 0.36/turn    D - ring of poison resistance
MPRegen 0.12/turn

%: no passive effects
@: confused, corroded, studying Polearms
A: horns 2, retaliatory headbutt
a: Renounce Religion, Berserk, Trog's Hand, Brothers in Arms


You were on level 10 of the Dungeon.
You worshipped Trog.
Trog was extremely pleased with you.
You visited 1 branch of the dungeon, and saw 10 of its levels.

You collected 611 gold pieces.

Inventory:

Hand Weapons
 n - a +1 battleaxe of flaming
 K - a +0 broad axe (weapon)
Missiles
 M - a throwing net
Armour
 o - a +0 cloak (worn)
 B - a +2 pair of gloves (worn)
 J - a +0 plate armour (worn)
 L - a +0 kite shield (worn)
Jewellery
 g - an amulet of magic regeneration
 m - a ring of see invisible
 D - a ring of poison resistance (right hand)
 G - a +6 ring of dexterity (left hand)
Talismans
 a - a serpent talisman
Wands
 l - a wand of polymorph (4)
 y - a wand of flame (7)
 E - a wand of quicksilver (9)
 F - a wand of roots (4)
Scrolls
 b - a scroll of noise {unknown}
 c - 7 scrolls of identify
 e - a scroll of amnesia
 f - 2 scrolls of fear {unknown}
 k - 6 scrolls of vulnerability
 q - a scroll of enchant weapon {unknown}
 r - 4 scrolls of teleportation {unknown}
 s - 5 scrolls of immolation {unknown}
 t - a scroll of enchant armour {unknown}
 u - 3 scrolls of blinking {unknown}
 H - a scroll of acquirement {unknown}
Potions
 d - a potion of berserk rage {unknown}
 h - 6 potions of lignification
 i - 2 potions of haste {unknown}
 j - a potion of attraction {unknown}
 p - a potion of brilliance {unknown}
 v - 4 potions of curing
 w - a potion of cancellation {unknown}
 x - a potion of enlightenment {unknown}
 z - a potion of resistance {unknown}
 A - 2 potions of heal wounds {unknown}
 C - a potion of degeneration {unknown}
 I - a potion of magic {unknown}


   Skills:
 + Level 9.7 Fighting
 * Level 16.2 Axes
 + Level 9.3 Armour
 - Level 2.1 Dodging
 - Level 5.7 Shields


You had 10 spell levels left.
You didn't know any spells.
Your spell library was empty.

Dungeon Overview and Level Annotations

Branches:
Dungeon (10/15)            Temple (0/1) D:4             Orc (0/2) D:10
   Lair: D:8-11

Altars:
Kikubaaqudgha
Makhleb
Qazlal
Ru
Trog
Uskayaw
Vehumet
Yredelemnul
The Shining One

Shops:
D:1 *   D:4 !   D:10 [(

Portals:
Abyss: D:9

Annotations:
D:4 exclusion: oklob sapling
D:9 2 transporters, ShellytheWitch's ghost, journeyman KoBr


Innate Abilities, Weirdness & Mutations

You have a pair of horns on your head.
You reflexively headbutt those who attack you in melee.


Message History

The gnoll sergeant hits you from afar with a +0 spear.
You feel sick.
You are no longer poisoned.
A two-headed ogre comes into view. It is wielding two +0 giant clubs.
The acid dragon spits acid at you. The splash of acid hits you!!
The gnoll sergeant hits you but does no damage.
The two-headed ogre shouts in stereo!
Things that are here:
a hornet corpse; a yak corpse You bump into the rock wall.
The acid dragon barely misses you. The acid dragon claws you.
The gnoll sergeant closely misses you. The acid dragon spits acid at you.
The splash of acid hits you!
* * * LOW HITPOINT WARNING * * *
The acid corrodes you!
Items here: $ )) [[ ††††.
It was a potion of curing.
You feel better. Something hits you but does no damage.
Something completely misses you. The acid dragon spits acid at you.
The splash of acid hits you!!
* * * LOW HITPOINT WARNING * * *
Okay, then.
Your two-headed ogre goes berserk!
Something hits you but does no damage. Something bites you but does no damage.
The acid dragon bites you but does no damage.
You block the acid dragon's attack.
The kobold brigand throws a poisoned dart.
The poisoned dart closely misses you. You block the acid dragon's attack. x2
You hear some strange, mumbled words.
You are confused.
Things that are here:
a hornet corpse; a yak corpse You bump into the rock wall.
You barely miss your two-headed ogre. You barely miss the kobold brigand.
You hit the two-headed ogre but do no damage.
Your two-headed ogre disappears in a puff of smoke!
The kobold brigand hits you with a +0 club.
You die...

##....#...#
#....#...# .........#
# .........#.##
............#
........##..
.........# .)......##
####### ........##
###§@K..#
.........####...#Og'#
...<.......#..###D..#
.............##
..#..# ...<........##
..###...
...........## o#.
.#..# .......[..##
.### ##.. .........##
#. .# ........## #


You could see a two-headed ogre, an acid dragon (catching breath), a kobold
brigand and a gnoll sergeant.

Vanquished Creatures
  A tengu warrior (D:9)
  Sonja (D:10)
  A kobold demonologist (D:9)
  A tengu conjurer (D:10)
  3 hornets
  Sigmund (D:2)
  A shadow (D:9)
  2 wyverns
  21 yaks
  A vampire mosquito (D:10)
  3 water moccasins
  2 ice beasts (D:7)
  7 orc warriors
  A sky beast (D:7)
  2 centaurs (D:8)
  A phantom (D:5)
  2 kobold brigands (D:9)
  A gnoll sergeant (D:8)
  2 bullfrogs
  3 scorpions
  7 wights
  17 killer bees
  3 howler monkeys
  2 bombardier beetles
  2 jellies
  Crazy Yiuf (D:3)
  5 orc priests
  4 iguanas
  A sleepcap (D:5)
  Jessica (D:2)
  Natasha (D:4)
  10 orc wizards
  3 gnolls (D:8)
  4 adders
  2 shadow imps
  2 ufetubi (D:6)
  A dart slug (D:2)
  3 ribbon worms
  27 orcs
  7 bats
  9 endoplasms
  2 giant cockroaches (D:4)
  5 goblins
  5 hobgoblins
  4 jackals (D:2)
  2 quokkas (D:1)
  8 ball pythons
  4 frilled lizards
  14 kobolds
  10 rats
223 creatures vanquished.

Vanquished Creatures (others)
  A dart slug (D:2)
  A ball python (D:2)
2 creatures vanquished.

Grand Total: 225 creatures vanquished

Notes
Turn   | Place    | Note
-------+----------+-------------------------------------------
     0 | D:1      | case the Minotaur Berserker began the quest for the Orb.
     0 | D:1      | Reached XP level 1. HP: 19/19 MP: 0/0
    31 | D:1      | Reached skill level 4 in Axes
    71 | D:1      | Reached XP level 2. HP: 26/26 MP: 1/1
   155 | D:1      | Found Juhipn's General Store.
   332 | D:1      | Reached ** piety under Trog
   359 | D:1      | Reached skill level 5 in Axes
   527 | D:2      | Noticed Sigmund
   552 | D:3      | Reached XP level 3. HP: 27/31 MP: 2/2
   694 | D:3      | Found a faded altar of an unknown god.
   766 | D:3      | Found a runed translucent door.
   767 | D:3      | Noticed Crazy Yiuf
  1358 | D:3      | Killed Crazy Yiuf
  1359 | D:3      | Reached skill level 6 in Axes
  1359 | D:3      | Reached XP level 4. HP: 39/39 MP: 3/3
  1444 | D:4      | You fall into a shaft and drop 1 floor!
  1444 | D:5      | Entered Level 5 of the Dungeon
  1499 | D:5      | Identified the +3 rapier of Imminent Death {drain, rCorr}
  1545 | D:5      | Reached skill level 7 in Axes
  1545 | D:5      | Reached XP level 5. HP: 19/45 MP: 4/4
  1578 | D:4      | Found Turotirgh's Distillery.
  1768 | D:4      | Found a staircase to the Ecumenical Temple.
  1920 | D:4      | Noticed Natasha
  1925 | D:4      | Killed Natasha
  2371 | D:4      | Reached skill level 8 in Axes
  2693 | D:5      | Reached XP level 6. HP: 51/51 MP: 5/5
  2904 | D:5      | Noticed a water moccasin
  2912 | D:5      | Killed a water moccasin
  2913 | D:5      | Reached skill level 9 in Axes
  2962 | D:5      | Noticed a wyvern
  2965 | D:5      | Killed a wyvern
  2966 | D:5      | Reached skill level 10 in Axes
  2966 | D:5      | Reached XP level 7. HP: 33/57 MP: 6/6
  3075 | D:2      | Noticed Jessica
  3081 | D:2      | Killed Jessica
  3170 | D:2      | Killed Sigmund
  3492 | D:2      | Reached *** piety under Trog
  3499 | D:2      | Reached skill level 11 in Axes
  3964 | D:5      | Reached skill level 1 in Shields
  4192 | D:6      | Reached XP level 8. HP: 54/66 MP: 7/7
  4699 | D:7      | Found a sacrificial altar of Ru.
  4728 | D:7      | Reached skill level 5 in Fighting
  4728 | D:7      | Reached skill level 12 in Axes
  5051 | D:7      | Reached XP level 9. HP: 60/74 MP: 8/8
  5426 | D:7      | Reached skill level 5 in Armour
  5537 | D:8      | Found a radiant altar of Vehumet.
  5637 | D:8      | Reached skill level 13 in Axes
  5641 | D:8      | Reached skill level 5 in Shields
  5788 | D:8      | Reached **** piety under Trog
  5792 | D:8      | Found a stormy altar of Qazlal.
  5973 | D:8      | Found a basalt altar of Yredelemnul.
  5973 | D:8      | Found a glowing golden altar of the Shining One.
  5974 | D:8      | Found a bloodstained altar of Trog.
  6126 | D:9      | Found a hide-covered altar of Uskayaw.
  6137 | D:9      | Reached XP level 10. HP: 75/86 MP: 9/9
  6140 | D:9      | Reached skill level 14 in Axes
  6309 | D:9      | Noticed a toenail golem
  6315 | D:9      | Noticed a toenail golem
  6343 | D:9      | Found a transporter.
  6345 | D:9      | Noticed a cyan ugly thing
  6365 | D:9      | Reached skill level 15 in Axes
  6546 | D:9      | Found a transporter.
  6561 | D:9      | Noticed a skeletal warrior
  6562 | D:9      | Found a one-way gate to the infinite horrors of the Abyss.
  6562 | D:9      | Noticed ShellytheWitch's ghost (journeyman KoBr)
  6620 | D:9      | Reached ***** piety under Trog
  6771 | D:9      | Found an ancient bone altar of Kikubaaqudgha.
  6976 | D:9      | Found a burning altar of Makhleb.
  7057 | D:9      | Noticed a glowing orange brain
  7157 | D:10     | Entered Level 10 of the Dungeon
  7157 | D:10     | Found a staircase to the Orcish Mines.
  7157 | D:10     | Found Popriog's Armour Emporium.
  7157 | D:10     | Found Wohesus's Weapon Emporium.
  7173 | D:10     | Received a gift from Trog
  7318 | D:10     | Noticed Sonja
  7320 | D:10     | Noticed a tengu warrior
  7436 | D:9      | Killed a tengu warrior
  7437 | D:9      | Reached XP level 11. HP: 42/97 MP: 10/10
  7773 | D:10     | Killed Sonja
  7833 | D:10     | Reached skill level 16 in Axes
  7856 | D:10     | Noticed a two-headed ogre
  7859 | D:10     | HP: 3/99 [acid dragon/splash of acid (27)]
  7863 | D:10     | Slain by a kobold brigand

Illustrated notes

Levels and vault maps discovered:
D:1:      dpeg_arrival_rooms_c, layout_rooms, serial_shops, shop
D:2:      layout_basic, lemuel_flame_loot_1, uniq_jessica, uniq_sigmund
D:3:      layout_loops_ring, ebering_ecumenical_altar_hall,
          uniq_crazy_yiuf_cottage
D:4:      layout_loops_ring, minmay_temple_entry_oklob, serial_shops,
          nicolae_stop_n_shop_2, uniq_natasha
D:5:      layout_rooms, amcnicky_mini_pool_small, minivault_4, roderic_lattice_a
D:6:      layout_rooms
D:7:      layout_cave_pods, nicolae_ru_path_of_blood
D:8:      layout_gridville, vehumet_crystals, gammafunk_temple_overflow_claw,
          lemuel_doored_altar
D:9:      layout_small_grid, mainiacjoe_overflow_alcove_4,
          nicolae_uskayaw_murder_on_the_dancefloor,
          lemuel_coloured_pillars_altar, gammafunk_ghost_abyssal_escape
D:10:     layout_cross, general_overflow_altar, orc_david_3,
          serial_column_ruins, column_ruins_hut, column_ruins_grid_1,
          column_ruins_columns_water, column_ruins_open_tiny,
          kennysheep_kite_vault, uniq_lodul, uniq_sonja

Skill      XL: |  1  2  3  4  5  6  7  8  9 10 11 |
---------------+----------------------------------+-----
Axes           | 4 5 6 7 8 10 11 12 13 15 16 | 16.2
Shields        | 1 3 5 |  5.7
Fighting       | 4 5 7 9 |  9.7
Armour         | 3 4 6 8 9 |  9.3
Dodging        | |  2.1

Action                     |  1- 3 |  4- 6 |  7- 9 | 10-12 || total
---------------------------+-------+-------+-------+-------++-------
  Melee: Hand axe          |    52 |       |       |       ||    52
         Headbutt          |     7 |     9 |    33 |    37 ||    86
         War axe           |    23 |    64 |   120 |       ||   207
         Broad axe         |       |       |   123 |   208 ||   331
         Unarmed           |       |       |       |     5 ||     5
  Throw: Throwing net      |       |       |       |     1 ||     1
 Invoke: Berserk           |     2 |     1 |     3 |     3 ||     9
         Brothers in Arms  |       |       |       |     1 ||     1
    Use: Scroll            |       |     3 |       |       ||     3
         Potion            |       |       |       |     1 ||     1
   Stab: Confused          |       |       |       |     2 ||     2
 Armour: Animal skin       |    32 |       |       |       ||    32
         Ring mail         |     7 |    33 |    83 |       ||   123
         Plate armour      |       |       |   100 |   162 ||   262
         Skin              |       |       |       |    11 ||    11
  Dodge: Dodged            |    60 |    34 |    89 |    80 ||   263
  Block: Buckler           |       |     3 |    31 |       ||    34
         Kite shield       |       |       |    18 |   104 ||   122

Table legend: (Time is in decaauts)
 A = Elapsed time spent in this place.
 B = Non-inter-level travel time spent in this place.
 C = Inter-level travel time spent in this place.
 D = Time resting spent in this place.
 E = Time spent auto-exploring this place.
 F = Levels seen in this place.
 G = Mean time per level.
                   A        B        C        D        E       F      G
               +--------+--------+--------+--------+--------+-----+--------+
         Total |   7945 |   7518 |    427 |    434 |   5533 |  10 |  794.5 |
       Dungeon |   7945 |   7518 |    427 |    434 |   5533 |  10 |  794.5 |
               +--------+--------+--------+--------+--------+-----+--------+

Top non-repeatable levels by time:
     D:9: 1468 daAuts
     D:4: 1159 daAuts
     D:3: 949 daAuts
     D:7: 905 daAuts
     D:5: 843 daAuts
     D:2: 729 daAuts
     D:8: 570 daAuts
     D:6: 502 daAuts
     D:1: 495 daAuts
    D:10: 321 daAuts
